 Dungeon Sprint DCSS version 0.23.1 (webtiles) character file.

Game seed: 14613919997551081112

938 nuthulu the Grappler (level 7, -2/81 HPs)
             Began as a Troll Monk on Mar 7, 2019.
             Was a Believer of Qazlal.
             Slain by a soul eater (10 damage)
             ... summoned by a kobold demonologist
             ... in the Dungeon (Sprint I: "Red Sonja").
             The game lasted 00:01:01 (316 turns).

nuthulu the Grappler (Troll Monk)                    Turns: 316, Time: 00:01:02

Health: -2/81      AC:  6    Str: 22    XL:     7   Next: 87%
Magic:  6/6        EV: 14    Int:  6    God:    Qazlal [**....]
Gold:   194        SH:  3    Dex: 12    Spells: 6/6 levels left

rFire    . . .     SeeInvis +     - Unarmed
rCold    . . .     Gourm    +   (no shield)
rNeg     . . .     Faith    .   a - +0 robe
rPois    .         Spirit   .   (helmet restricted)
rElec    .         Reflect  .   (no cloak)
rCorr    .         Harm     .   (gloves unavailable)
MR       .....     NoTele   +   (boots unavailable)
Stlth    +.........             (no amulet)
HPRegen  0.63/turn              i - ring of see invisible
MPRegen  0.10/turn              (no ring)

@: lightly drained
A: large, unfitting armour, claws 3, fast metabolism 3, gourmand, regeneration
1, shaggy fur 1, tough skin 3
a: Upheaval, Renounce Religion


You were in the Dungeon.
You worshipped Qazlal.
Qazlal was pleased with you.
You were full.

You visited 1 branch You collected 389 gold pieces.
You spent 195 gold pieces at shops.

Inventory:

Armour
 a - a +0 robe (worn)
Jewellery
 i - a ring of see invisible (left claw)
Scrolls
 h - a scroll of blinking
Potions
 c - a potion of curing
 d - a potion of heal wounds
 e - a potion of haste
 f - 2 potions of magic
 g - a potion of berserk rage
Comestibles
 b - 2 rations


   Skills:
 + Level 8.8(8.4) Fighting
 + Level 8.9(8.5) Dodging
 - Level 1.0(0.7) Stealth
 + Level 10.4(9.9) Unarmed Combat


You had 6 spell levels left.
You didn't know any spells.
Your spell library was empty.

Dungeon Overview and Level Annotations

Branches:
Dungeon (1/1)

Altars:
Cheibriados
Dithmenos
Elyvilon
Fedhas
Gozag
Hepliaklqana
Kikubaaqudgha
Makhleb
Nemelex Xobeh
Okawaru
Qazlal
Ru
Sif Muna
Trog
Uskayaw
Vehumet
Wu Jian
Xom
Yredelemnul
Zin
The Shining One
Jiyva
Lugonu

Shops:
D =


Innate Abilities, Weirdness & Mutations

You are too large for most types of armour.
You have claws for hands.
Your metabolism is lightning-fast.
You like to eat raw meat.
Your natural rate of healing is unusually fast.
You are covered in fur. (AC +1)
You have extremely tough skin. (AC +3)


Message History

Unknown command.
You claw the kobold demonologist!
The kobold demonologist is heavily wounded.
The centaur warrior shoots an arrow.
The arrow hits you. The soul eater hits you.
The centaur warrior shoots an arrow.
The arrow hits you!!
You mangle the kobold demonologist!!
You kill the kobold demonologist!
Qazlal accepts your kill.
Your Unarmed Combat skill increases to level 10!
The soul eater hits you!
* * * LOW HITPOINT WARNING * * *
You feel drained.
* * * LOW HITPOINT WARNING * * *
The centaur warrior shoots an arrow.
You block the arrow.
The kobold demonologist casts a spell.
The centaur warrior shoots an arrow.
The arrow hits you!
* * * LOW HITPOINT WARNING * * *
The soul eater hits you!
You die...

####################
'..#.)'..#__#.$(@K.#
#.)'..#..'..'..#3..#
##'#####'#c_####.4.+
#..#...#.#### #####
####..##(#
___##+#_.+
∩..÷+..._#
.__##_.#+# ___###+#


You could see a soul eater, a centaur warrior, an orange demon and a kobold
demonologist.

Vanquished Creatures
  A kobold demonologist (D)
  A slime creature (D)
  Sigmund (D)
  A yak (D)
  A floating eye (D)
  An ogre (D)
  A jelly (D)
  Ijyb (D)
8 creatures vanquished.

Vanquished Creatures (others)
  A gargoyle (D)
1 creature vanquished.

Grand Total: 9 creatures vanquished

Notes
Turn   | Place    | Note
-------+----------+-------------------------------------------
     0 | D        | nuthulu the Troll Monk began the quest for the Orb.
     0 | D        | Reached XP level 1. HP: 22/22 MP: 0/0
     1 | D        | Noticed Ijyb
     6 | D        | Killed Ijyb
     6 | D        | Reached skill level 4 in Unarmed Combat
     6 | D        | Reached XP level 2. HP: 32/32 MP: 1/1
     9 | D        | Noticed an ogre
    14 | D        | Killed an ogre
    14 | D        | Reached skill level 5 in Unarmed Combat
    14 | D        | Reached XP level 3. HP: 23/41 MP: 2/2
    14 | D        | Reached XP level 4. HP: 27/49 MP: 3/3
    29 | D        | Killed a gargoyle
    60 | D        | Noticed Sigmund
    66 | D        | Killed Sigmund
    66 | D        | Reached skill level 7 in Unarmed Combat
    66 | D        | Reached XP level 5. HP: 55/61 MP: 4/4
    87 | D        | Found an ornate altar of the Wu Jian Council.
    87 | D        | Found a deep blue altar of Sif Muna.
    89 | D        | Found a radiant altar of Vehumet.
    94 | D        | Reached XP level 6. HP: 60/68 MP: 5/5
   124 | D        | Found Rem Juakh's Jewellery Emporium.
   124 | D        | Found an ancient bone altar of Kikubaaqudgha.
   124 | D        | Found a hazy altar of Hepliaklqana.
   124 | D        | Found a hide-covered altar of Uskayaw.
   124 | D        | Found a basalt altar of Yredelemnul.
   124 | D        | Found an opulent altar of Gozag.
   124 | D        | Found a snail-covered altar of Cheibriados.
   124 | D        | Found a sacrificial altar of Ru.
   124 | D        | Found a shadowy altar of Dithmenos.
   124 | D        | Noticed a yak
   125 | D        | Found a stormy altar of Qazlal.
   125 | D        | Found a blossoming altar of Fedhas.
   125 | D        | Found a bloodstained altar of Trog.
   125 | D        | Found an iron altar of Okawaru.
   125 | D        | Found a glowing golden altar of the Shining One.
   125 | D        | Found a glowing silver altar of Zin.
   125 | D        | Found a white marble altar of Elyvilon.
   130 | D        | Killed a yak
   130 | D        | Reached skill level 8 in Unarmed Combat
   131 | D        | Found a sparkling altar of Nemelex Xobeh.
   142 | D        | Bought an uncursed ring of see invisible for 195 gold
                  | pieces
   145 | D        | Became a worshipper of Qazlal Stormbringer
   145 | D        | Reached * piety under Qazlal
   145 | D        | Reached ** piety under Qazlal
   158 | D        | Found a burning altar of Makhleb.
   158 | D        | Found a viscous altar of Jiyva.
   158 | D        | Found a shimmering altar of Xom.
   158 | D        | Found a corrupted altar of Lugonu.
   158 | D        | Noticed a slime creature
   163 | D        | Killed a slime creature
   163 | D        | Reached skill level 9 in Unarmed Combat
   163 | D        | Reached XP level 7. HP: 49/79 MP: 6/6
   310 | D        | Noticed a centaur warrior
   310 | D        | Noticed a kobold demonologist
   310 | D        | Noticed a kobold demonologist
   312 | D        | Noticed a soul eater
   315 | D        | Killed a kobold demonologist
   315 | D        | Reached skill level 10 in Unarmed Combat
   316 | D        | Slain by a soul eater

Skill      XL: |  1  2  3  4  5  6  7 |
---------------+----------------------+-----
Fighting       | 3 4 6 7 8 |  8.8
Dodging        | 3 4 6 8 |  8.9
Unarmed Combat | 4 5 7 9 10 | 10.4
Stealth        | |  1.0

Action                   |  1- 3 |  4- 6 |  7- 9 || total
-------------------------+-------+-------+-------++-------
Melee: Unarmed           |     7 |    16 |     4 ||    27
 Stab: Sleeping          |     1 |     1 |       ||     2
  Eat: Chunk             |       |     5 |       ||     5
Armor: Robe              |     1 |       |     1 ||     2
Dodge: Dodged            |     3 |     8 |       ||    11
Block: Other             |       |       |     2 ||     2
